 Seeded DCSS version 0.30-a0-34-gbe8da3892a (webtiles) character file.

Game seed: 9417740794639720958 (custom seed)

849 timneilson the Covered (level 8, 0/50 HPs)
             Began as a Gargoyle Fighter on Aug 27, 2022.
             Slain by an ogre
             ... wielding a +0 giant club
              (7 damage)
             ... on level 4 of the Dungeon.
             The game lasted 00:06:51 (4805 turns).

timneilson the Covered (Gargoyle Fighter)           Turns: 4805, Time: 00:06:52

Health: 0/50       AC: 19    Str: 22    XL:     8   Next: 1%
Magic:  8/8        EV:  7    Int:  9    God:
Gold:   147        SH:  6    Dex:  9    Spells: 7/7 levels left

rFire   . . .      SeeInvis .    j - +0 scimitar
rCold   + . .      Faith    .    c - +1 buckler
rNeg    + . .      Spirit   .    k - +0 chain mail {rC+}
rPois   ∞          Reflect  .    (no helmet)
rElec   +          Harm     .    (no cloak)
rCorr   .          Rampage  .    (no gloves)
Will    +....                    (no boots)
Stlth   ..........               m - amulet of regeneration
HPRegen 0.96/turn                f - ring of willpower
MPRegen 0.11/turn                r - +4 ring of protection

@: no status effects
A: sickness immunity, AC +5, negative energy resistance 1, electricity
resistance, torment resistance 1, petrification resistance
a: no special abilities


You were on level 4 of the Dungeon.
You visited 1 branch of the dungeon, and saw 4 of its levels.

You collected 147 gold pieces.

Inventory:

Hand Weapons
 a - a +0 long sword
 j - a +0 scimitar (weapon)
Missiles
 p - a throwing net (quivered)
Armour
 c - a +1 buckler (worn)
 k - a +0 chain mail of cold resistance (worn)
 s - a +0 plate armour
Jewellery
 f - a ring of willpower (left hand)
 m - an amulet of regeneration (around neck)
 r - a +4 ring of protection (right hand)
Wands
 d - a wand of flame (22)
 o - a wand of polymorph (6)
Scrolls
 g - a scroll of identify
 l - a scroll of acquirement {unknown}
 n - a scroll of magic mapping
 q - a scroll of silence {unknown}
Potions
 b - a potion of lignification
 e - a potion of flight {unknown}
 h - 2 potions of haste
 i - a potion of invisibility


   Skills:
 + Level 5.5 Fighting
 + Level 4.0 Long Blades
 + Level 5.6 Armour
 + Level 5.5 Shields
 + Level 2.3 Evocations


You had 7 spell levels left.
You didn't know any spells.
Your spell library was empty.

Dungeon Overview and Level Annotations

Branches:
Dungeon (4/15)
 Temple: D:4-7

Altars:
Cheibriados
Gozag
Nemelex Xobeh

Shops:
D:4 *


Innate Abilities, Weirdness & Mutations

You are immune to sickness and miasma.
Your stone body is resilient. (AC +5)
You are immune to poison.
You resist negative energy. (rN+)
You are resistant to electric shocks. (rElec)
You are resistant to unholy torment.
You are immune to petrification.


Message History

You have reached level 8!
You feel stronger.
d - a wand of flame (22)
Things that are here:
a +0 scythe; a +0 robe; the human corpse of Sigmund You flicker for a moment.
You flicker back into view.
You feel a little less mighty now.
Items here: ))) [.
Items here: ( )))) [[[[[.
A goblin comes into view. It is wielding a +0 club.
The goblin shouts!
The goblin hits you but does no damage.
You hit the goblin.
The goblin is severely wounded.
You block the goblin's attack.
You slash the goblin!
You kill the goblin!
Found a stone staircase leading up.
Things that are here:
a +0 club; a goblin corpse An ogre comes into view.
It is wielding a +0 giant club.
The ogre shouts!
The ogre hits you with a +0 giant club.
You hit the ogre but do no damage.
The ogre hits you with a +0 giant club!!
Ouch! That really hurt!
You hit the ogre.
The ogre is lightly wounded.
The ogre barely misses you.
You hit the ogre.
The ogre is moderately wounded.
You hit the ogre.
The ogre is heavily wounded.
The ogre hits you with a +0 giant club!!
* * * LOW HITPOINT WARNING * * *
You slash the ogre!
The ogre is almost dead.
The ogre hits you with a +0 giant club!
You die...

#.###### ..#
## # .# ###
... #.# ##.#.
... #... .#
#..# . #..# ##
######O.# ..
#.....@.#.###
.#
#.#.........#
.#
#.#<........#
.#
#.#....#..?.#
...
#.#.####....#
## ##..#
#..........##
.# #....#
#....########
.###..#.#
#............
........
##....########


You could see an ogre.

Vanquished Creatures
  Sigmund (D:4)
  An ogre (D:4)
  A phantom (D:3)
  5 wights (D:4)
  Terence (D:2)
  Ijyb (D:3)
  7 adders
  7 gnolls (D:4)
  5 worms
  4 dart slugs
  10 orcs
  2 endoplasms (D:1)
  2 giant cockroaches (D:2)
  4 goblins
  5 hobgoblins
  4 quokkas
  3 ball pythons
  7 bats
  3 frilled lizards
  8 kobolds
  3 rats
84 creatures vanquished.

Notes
Turn   | Place    | Note
-------+----------+-------------------------------------------
     0 | D:1      | timneilson the Gargoyle Fighter began the quest for the
                  | Orb.
     0 | D:1      | Reached XP level 1. HP: 14/14 MP: 1/1
   349 | D:1      | Reached XP level 2. HP: 16/19 MP: 2/2
  1081 | D:2      | Reached XP level 3. HP: 23/23 MP: 3/3
  1113 | D:2      | Found a snail-covered altar of Cheibriados.
  1518 | D:2      | Noticed Terence
  1536 | D:2      | Killed Terence
  1537 | D:2      | Reached XP level 4. HP: 11/29 MP: 4/4
  1797 | D:2      | Found a faded altar of an unknown god.
  2761 | D:3      | Noticed a phantom
  2769 | D:3      | Killed a phantom
  2770 | D:3      | Reached XP level 5. HP: 29/34 MP: 5/5
  3042 | D:3      | Found a sparkling altar of Nemelex Xobeh.
  3042 | D:3      | Found an opulent altar of Gozag.
  3194 | D:3      | Noticed Ijyb
  3277 | D:3      | Killed Ijyb
  3278 | D:3      | Reached XP level 6. HP: 6/39 MP: 3/6
  3828 | D:4      | Reached skill level 1 in Evocations
  3848 | D:4      | Reached skill level 5 in Fighting
  3848 | D:4      | Reached skill level 5 in Armour
  3848 | D:4      | Reached XP level 7. HP: 37/44 MP: 5/7
  4012 | D:4      | Reached skill level 5 in Shields
  4655 | D:4      | Found Doinurphy's Desiderata Depot.
  4691 | D:4      | Noticed Sigmund
  4699 | D:4      | Killed Sigmund
  4700 | D:4      | Reached XP level 8. HP: 50/50 MP: 8/8
  4805 | D:4      | Slain by an ogre

Illustrated notes

Levels and vault maps discovered:
D:1:      dpeg_arrival_radiant, layout_loops_cross, kennysheep_boxes
D:2:      layout_basic, chequers_ecumenical_altar_lobes, basic_altar,
          uniq_terence
D:3:      layout_basic, grunt_temple_overflow_opulence, uniq_ijyb
D:4:      layout_basic, serial_shops, shop_statue, nicolae_alphabet_shops,
          minmay_quantized, uniq_sigmund

Skill      XL: |  1  2  3  4  5  6  7 |
---------------+----------------------+-----
Long Blades    | 2 3 4 |  4.0
Armour         | 4 5 |  5.6
Shields        | 4 5 |  5.5
Fighting       | 4 5 |  5.5
Evocations     | 1 2 |  2.3

Action                   |  1- 3 |  4- 6 |  7- 9 || total
-------------------------+-------+-------+-------++-------
Melee: Long sword        |   107 |   241 |     3 ||   351
       Unarmed           |       |    13 |       ||    13
       Scimitar          |       |       |   130 ||   130
  Use: Scroll            |     3 |     8 |       ||    11
       Potion            |       |     3 |     2 ||     5
Armor: Scale mail        |    45 |       |       ||    45
       Chain mail        |       |   183 |    61 ||   244
Dodge: Dodged            |    47 |    93 |    37 ||   177
Block: Buckler           |    16 |    57 |    33 ||   106

Table legend: (Time is in decaauts)
 A = Elapsed time spent in this place.
 B = Non-inter-level travel time spent in this place.
 C = Inter-level travel time spent in this place.
 D = Time resting spent in this place.
 E = Time spent auto-exploring this place.
 F = Levels seen in this place.
 G = Mean time per level.
                   A        B        C        D        E       F      G
               +--------+--------+--------+--------+--------+-----+--------+
         Total |   4932 |   4904 |     28 |     76 |   3717 |   4 | 1233.0 |
       Dungeon |   4932 |   4904 |     28 |     76 |   3717 |   4 | 1233.0 |
               +--------+--------+--------+--------+--------+-----+--------+

Top non-repeatable levels by time:
     D:3: 1373 daAuts
     D:2: 1341 daAuts
     D:4: 1138 daAuts
     D:1: 1079 daAuts
